 Dungeon Crawl Stone Soup version 0.31-a0-618-g7ca08c1ff9 (webtiles) character file.

Game seed: 16302939765435149160

46 spiderkeys the Ruffian (level 3, -2/24 HPs)
             Began as an Octopode Shapeshifter on Aug 22, 2023.
             Slain by an orc priest
             ... wielding a +0 dagger
              (5 damage)
             ... on level 3 of the Dungeon.
             The game lasted 00:01:16 (1723 turns).

spiderkeys the Ruffian (Octopode Shapeshifter)      Turns: 1723, Time: 00:01:17

Health: -2/24      AC:  1    Str: 16    XL:     3   Next: 68%
Magic:  3/3        EV: 13    Int: 10    God:
Gold:   67         SH:  0    Dex: 12    Spells: 2/2 levels left

rFire   + .          .
                       - Unarmed
rCold   . . .        (no shield)
rNeg    . . .        (helmet currently unavailable)
rPois   .            (no amulet)
rElec   .            F - ring of protection from fire
rCorr   .            (no ring)
SInv    .            (no ring)
Will    .....        (no ring)
Stlth   ++           (no ring)
HPRegen 0.24/turn    (no ring)
MPRegen 0.08/turn    (no ring)
                     (no ring)

%: no passive effects
@: beast-form
A: beast (slay +1), almost no armour, amphibious, 8 rings, camouflage 1,
gelatinous body 1, (nimble swimmer 1), tentacles
a: Begin Untransformation


You were on level 3 of the Dungeon.
You were a hulking beast.
You visited 1 branch of the dungeon, and saw 3 of its levels.

You collected 67 gold pieces.


Innate Abilities, Weirdness & Mutations

You are a hulking beast.
Your limbs bulge with bestial killing power. (Slay +1)
You cannot wear most types of armour.
You are amphibious.
You can wear up to eight rings at the same time.
Your skin changes colour to match your surroundings (Stealth+).
Your rubbery body absorbs attacks. (AC +1, EV +1)
((You are camouflaged when in or above water. (Stealth+)))
You have tentacles for arms and can constrict up to eight enemies at once.


   Skills:
 + Level 1.8 Fighting
 + Level 2.5 Dodging
 + Level 3.4 Unarmed Combat
 + Level 3.3 Shapeshifting


You had 2 spell levels left.
You didn't know any spells.
Your spell library contained the following spells:

 Spells                   Type           Power      Damage    Failure   Level
 Magic Dart               Conj           0%         1d3       36%         1
 Searing Ray              Conj           0%         2d4       50%         2
 Fulminant Prism          Conj/Hex       0%         3d5       98%         4

Inventory:

Missiles
 g - 27 stones
 k - 4 poisoned darts
Jewellery
 F - a ring of protection from fire (left tentacle)
   (You found it on level 2 of the Dungeon)
Talismans
 b - a beast talisman (active)
 c - a flux talisman
Scrolls
 e - a scroll of immolation {unknown}
 h - a scroll of teleportation {unknown}
 i - a scroll of torment {unknown}
 j - a scroll of fog {unknown}
 l - a scroll of identify {unknown}
Potions
 a - a potion of lignification {!q}
 d - a potion of berserk rage {unknown}
 f - a potion of heal wounds {unknown}

Dungeon Overview and Level Annotations

Branches:
Dungeon (3/15) Zot: 16280

Altars:
Xom

.# ..# #.# ..# #.#
.#. #.#
.....#######.#######
......oh............
...#.#o#####$#####.
... ..#.# #.#..
#.#.# #.#..##.#.# #
..........#.###
.#.#..#........#
..#...........#.#
##...#..###.#.#


You could see an orc priest and an orc wizard.


Message History

The hobgoblin closely misses you.
A hobgoblin is nearby!
A hobgoblin is nearby!
You tentacle-slap the hobgoblin but do no damage.
Your grab misses the hobgoblin. You squeeze the hobgoblin.
You kill the hobgoblin!
No target in view!
Things that are here:
a +0 short sword; a kobold corpse You see here a hobgoblin corpse.
An endoplasm comes into view. 😎 HP[+3]
Your hp is fully restored (24).
An endoplasm is nearby!
An endoplasm is nearby!
An endoplasm is nearby!
An endoplasm is nearby!
The endoplasm quivers.
The endoplasm freezes you.
You are frozen. 😕 HP[-5]
You take 5 damage, and now have 19/24 hp.
MASSIVE DAMAGE!! (PAUSE)
You tentacle-slap the endoplasm.
You kill the endoplasm!
No target in view!
No target in view!
Key pressed, stopping explore.
Key pressed, stopping explore.
Key pressed, stopping explore.
A goblin comes into view. It is wielding a +0 club.
The goblin shouts! 😎 HP[+5]
Your hp is fully restored (24).
You tentacle-slap the goblin.
You kill the goblin!
No target in view!
No target in view!
No target in view!
You see here a +0 club.
Key pressed, stopping explore.
Key pressed, stopping explore.
Key pressed, stopping explore.
You see here a flux talisman.
You see here a +0 whip.
As you open the door, it creaks loudly!
No target in view!
No target in view!
There is an open door here.
There is an open door here.
Found a faded altar of an unknown god.
Key pressed, stopping explore.
There is an escape hatch in the ceiling here.
Done exploring.
Done exploring.
Done exploring.
There is an escape hatch in the ceiling here.
There is a stone staircase leading down here.
You climb downwards.
There is a stone staircase leading up here.
There is a stone staircase leading up here.
Key pressed, stopping explore.
You pick up a book of Conjurations and begin reading...
You add the spells Magic Dart, Searing Ray and Fulminant Prism to your library.
An orc priest comes into view. It is wielding a +0 dagger.
Found a stone staircase leading down.
You see here 11 gold pieces.
An orc comes into view.
It is wielding a +0 club. 2 orc wizards come into view.
The orc priest shouts!
The orc wizard shouts!
The orc wizard mumbles some strange words.
The orc wizard flickers and vanishes!
Deactivating autopickup; reactivate with Ctrl-A.
The orc wizard shouts!
The orc shouts!
The orc priest miscasts a cantrip.
The orc priest misses you. The orc closely misses you.
You tentacle-slap the orc priest. You grab the orc priest.
You constrict the orc priest. You bludgeon the orc priest!
You constrict the orc priest.
The orc priest hits you with a +0 dagger.
The orc hits you with a +0 club. 😮 HP[-8]
You take 8 damage, and now have 16/24 hp.
MASSIVE DAMAGE!! (PAUSE)
You tentacle-slap the orc. Your grab misses the orc. You squeeze the orc.
You kill the orc!
You constrict the orc priest.
The orc priest invokes the aid of Beogh against you.
Beogh smites you!
Ouch! That really hurt!
* * * LOW HITPOINT WARNING * * *
😱 HP[-13]
You take 13 damage, and now have 3/24 hp.
MASSIVE DAMAGE!! (PAUSE)
You tentacle-slap the orc wizard. You grab the orc wizard.
You constrict the orc wizard, but do no damage.
You constrict the orc priest.
The orc priest hits you with a +0 dagger.
You die...

Action                     || total
---------------------------++-------
  Melee: Unarmed           ||    51
         Constrict         ||    10
         Tentacles         ||     7
   Stab: Sleeping          ||     8
 Armour: Skin              ||     2
  Dodge: Dodged            ||    16

Levels and vault maps discovered:
D:1:      wander_arrival_peaceful_grave, layout_loops_ring,
          minmay_misc_feat_tower
D:2:      layout_loops_ring, chequers_ecumenical_altar_lobes, basic_altar,
          st_stairs_4, grunt_ministairs_4
D:3:      layout_basic, hangedman_ru_absence, supply_closet_lemuel,
          saegor_snake_ambush

Notes
Turn   | Place    | Note
-------+----------+-------------------------------------------
     0 | D:1      | spiderkeys the Octopode Shapeshifter began the quest for
                  | the Orb.
     0 | D:1      | Reached XP level 1. HP: 13/13 MP: 1/1
     0 | D:1      | magus.rc [v1.11.6]
   562 | D:1      | Reached XP level 2. HP: 18/18 MP: 2/2
   800 | D:2      | HP: 4/18 [poisoned by an adder]
   933 | D:2      | Found a shimmering altar of Xom.
   937 | D:2      | Reached XP level 3. HP: 21/23 MP: 3/3
  1526 | D:2      | Found a faded altar of an unknown god.
  1687 | D:3      | You add the spells Magic Dart, Searing Ray and Fulminant
                  | Prism to your library.
  1722 | D:3      | HP: 3/24 [orc priest/divine providence (14)]
  1723 | D:3      | Slain by an orc priest

Vanquished Creatures
  2 adders (D:2)
  A worm (D:2)
  An orc (D:3)
  3 endoplasms
  4 hobgoblins
  2 kobolds (D:2)
  4 ball pythons
  A bat (D:1)
  2 frilled lizards (D:1)
  4 goblins
  2 rats
26 creatures vanquished.

Table legend:
 A = Non-vault XP
 B = Vault XP
 C = Vault XP percentage of total XP
 D = Non-vault monster count
 E = Vault monster count
 F = Vault count percentage of total count
                 A         B        C        D         E       F
            +---------+---------+-------+---------+---------+-------
      Total |      57 |      10 |  14.9 |      22 |       4 |  15.4
            +---------+---------+-------+---------+---------+-------
        D:1 |      12 |       0 |   0.0 |      10 |       0 |   0.0
        D:2 |      42 |      10 |  19.2 |      11 |       4 |  26.7
        D:3 |       3 |       0 |   0.0 |       1 |       0 |   0.0
            +---------+---------+-------+---------+---------+-------

Action                     || total
---------------------------++-------
  Melee: Unarmed           ||    51
         Constrict         ||    10
         Tentacles         ||     7
   Stab: Sleeping          ||     8
 Armour: Skin              ||     2
  Dodge: Dodged            ||    16

Illustrated notes

Table legend:
 A = Kills in this place as a percentage of kills in the entire game.
 B = Kills by you in this place as a percentage of kills by you in the entire game.
 C = Kills by friends in this place as a percentage of kills by friends in the entire game.
 D = Other kills in this place as a percentage of other kills in the entire game.
 E = Experience gained in this place as a percentage of experience gained in the entire game.
 F = Experience gained in this place divided by the number of levels of this place that you have seen.
                   A       B       C       D       E      F
               +-------+-------+-------+-------+-------+----------------------
         Total | 100.0 | 100.0 |   N/A |   N/A | 100.0 |  22.3
       Dungeon | 100.0 | 100.0 |   N/A |   N/A | 100.0 |  22.3
               +-------+-------+-------+-------+-------+----------------------

Table legend: (Time is in decaauts)
 A = Elapsed time spent in this place.
 B = Non-inter-level travel time spent in this place.
 C = Inter-level travel time spent in this place.
 D = Time resting spent in this place.
 E = Time spent auto-exploring this place.
 F = Levels seen in this place.
 G = Mean time per level.
                   A        B        C        D        E       F      G
               +--------+--------+--------+--------+--------+-----+--------+
         Total |   1718 |   1648 |     70 |      0 |   1483 |   3 |  572.7 |
       Dungeon |   1718 |   1648 |     70 |      0 |   1483 |   3 |  572.7 |
               +--------+--------+--------+--------+--------+-----+--------+

Top non-repeatable levels by time:
     D:2: 884 daAuts
     D:1: 752 daAuts
     D:3: 82 daAuts
